 Dungeon Crawl Stone Soup version 0.28.0 (webtiles) character file.

Game seed: 12619694304868391608

11272 AmazingTV the Covert (level 11, -2/56 HPs)
             Began as a Spriggan Brigand on June 28, 2022.
             Was a Believer of Trog.
             Succumbed to a meliai's poison
             ... on level 8 of the Dungeon.
             The game lasted 00:48:45 (15048 turns).

AmazingTV the Covert (Spriggan Brigand)            Turns: 15048, Time: 00:48:46

Health: -2/56      AC:  3    Str: 12    XL:     11   Next: 47%
Magic:  12/12      EV: 23    Int: 13    God:    Trog [**....]
Gold:   338        SH:  5    Dex: 19    Spells: 10/10 levels left

rFire   x . .      SeeInvis +   P - +1 falchion "Ogreslayer" {venom, rElec rF- Will+++ Str+3}
rCold   . . .      Faith    .   (no shield)
rNeg    . . .      Spirit   .   C - +0 robe
rPois   .          Reflect  +   (helmet restricted)
rElec   +          Harm     .   c - +0 cloak
rCorr   .          Rampage  .   (gloves unavailable)
Will    ++++.                   (boots unavailable)
Stlth   +++++.....              g - amulet of reflection
HPRegen 0.18/turn               (no ring)
MPRegen 0.13/turn               (no ring)

@: mighty, lethally poisoned (-2 -> -11), on berserk cooldown, slowed, quick
A: very small, no large weapons, unfitting armour, see invisible, speed 3
a: Renounce Religion, Berserk, Trog's Hand


You were on level 8 of the Dungeon.
You worshipped Trog.
Trog was pleased with you.
You visited 1 branch of the dungeon, and saw 8 of its levels.
You also visited: Ossuary.

You collected 466 gold pieces.
You spent 128 gold pieces at shops.

Inventory:

Hand Weapons
 a - a +2 dagger of holy wrath
 b - a +0 hunting sling
 i - a +2 dagger
 H - a +0 vorpal scimitar
 I - a +0 rapier
 L - a +0 dagger of venom
 P - the +1 falchion "Ogreslayer" (weapon) {venom, rElec rF- Will+++ Str+3}
   (You found it on level 8 of the Dungeon)

   It poisons the flesh of those it strikes.
   Str:       It affects your strength (+3).
   rF:        It makes you vulnerable to fire.
   rElec:     It insulates you from electricity.
   Will:      It greatly increases your willpower.
Missiles
 e - 2 curare-tipped darts
 l - 101 arrows
 t - 322 stones
 A - 24 poisoned darts (quivered)
 D - 30 sling bullets
 Q - 7 bolts
 R - a throwing net
Armour
 c - a +0 cloak (worn)
 C - a +0 robe (worn)
Jewellery
 g - an amulet of reflection (around neck)
 E - a ring of ice
Wands
 d - a wand of polymorph (14)
 k - a wand of digging (3)
 K - a wand of paralysis (16)
 S - a wand of flame (14)
 T - a wand of iceblast (9)
Scrolls
 f - 6 scrolls of identify
 h - a scroll of enchant weapon {unknown}
 j - 4 scrolls of teleportation {unknown}
 m - 2 scrolls of amnesia {unknown}
 p - 4 scrolls of enchant armour {unknown}
 q - 5 scrolls of noise {unknown}
 r - 2 scrolls of summoning {unknown}
 s - a scroll of fog {unknown}
 v - 5 scrolls of immolation {unknown}
 w - 2 scrolls of vulnerability {unknown}
 x - 2 scrolls of blinking {unknown}
 y - a scroll of acquirement {unknown}
 O - a scroll of magic mapping {unknown}
Potions
 n - a potion of berserk rage {unknown}
 o - 4 potions of lignification {unknown}
 z - 5 potions of attraction {unknown}
 B - a potion of heal wounds {unknown}
 F - a potion of cancellation {unknown}
 J - 3 potions of invisibility {unknown}
 M - 2 potions of magic {unknown}
 N - a potion of brilliance {unknown}


   Skills:
 + Level 5.7 Fighting
 + Level 7.5(10.0) Short Blades
 + Level 8.0(8.8) Long Blades
 - Level 7.2(8.6) Slings
 - Level 5.9(7.1) Throwing
 + Level 8.7 Dodging
 + Level 11.6 Stealth


You had 10 spell levels left.
You didn't know any spells.
Your spell library contained the following spells:

 Spells                   Type           Power      Damage    Failure   Level
 Ignite Poison            Fire/Tmut/Pois 0%         N/A       67%         3
 Mephitic Cloud           Conj/Pois/Air  0%         N/A       67%         3
 Freezing Cloud           Conj/Ice/Air   0%         6-21      100%        5


Dungeon Overview and Level Annotations

Branches:
Dungeon (8/15)             Temple (0/1) D:7         Ossuary (visited)
   Lair: D:8-11

Altars:
Trog

Shops:
D:3 (   D:5 *   D:8 (


Innate Abilities, Weirdness & Mutations

You are very small and have problems with some larger weapons.
You are too small for most types of armour.
You have supernaturally acute eyesight. (SInv)
You cover ground extremely quickly. (Speed+++)


Message History

The meliai completely misses you. The meliai stings you!
You slash the meliai!
The meliai is moderately wounded.
The meliai closely misses you. The meliai barely misses you.
The meliai closely misses you. The meliai stings you!
You are poisoned.
The meliai poisons you!
You miss the meliai.
The meliai is moderately wounded.
You feel very sick. The meliai hits you.
* * * LOW HITPOINT WARNING * * *
The meliai completely misses you.
* * * LOW HITPOINT WARNING * * *
You feel sick.
The centaur shouts!
The meliai barely misses you. You block the meliai's attack.
The centaur shoots an arrow.
You reflect the arrow off an invisible shield around you!
The arrow hits the centaur!
You feel a strong urge to attack something.
* * * LOW HITPOINT WARNING * * *
You feel sick.
You feel sick.
The meliai changes into a yak!
The centaur shoots an arrow.
The arrow hits you!
* * * LOW HITPOINT WARNING * * *
You feel your anger nearly subside.
You are no longer berserk.
You are exhausted.
You feel yourself slow down.
* * * LOW HITPOINT WARNING * * *
You feel sick.
It was a potion of experience.
You feel more experienced!
Your Long Blades skill gained 7 levels and is now at level 8!
You have reached level 11!
* * * LOW HITPOINT WARNING * * *
You feel very sick.
It was a potion of might.
You feel very mighty all of a sudden.
You die...

#######.....# #.....##.......#
###########.#####...##.......#
....................##.......#
###########.#####...##.......#
# #........#.......##########
# #.#....###>......#...# #
#......c.....Y)..#...#
######....######...[#...#
##........# ##@..[....#
#.........# ###........##
#.........# #...##∩##..#
#.......### #.#.#...#..#####
#.......# #.#.#...#......#
#.......# #...#...#.####.#
#.......# #####...### #.######
..###'### #...# #....... ###
#.###########...# #########.


You could see a yak shaped shifter.

Vanquished Creatures
  A boulder beetle (D:8)
  A two-headed ogre (D:8)
  Pikel (D:7)
  2 tengu conjurers (D:8)
  Grinder (D:4)
  A wyvern (D:8)
  3 ice beasts
  2 orc warriors
  A sky beast (D:8)
  A necrophage (D:7)
  5 ogres
  2 centaurs
  A lemure (D:6)
  A kobold brigand (D:7)
  A phantom (D:7)
  2 elf zombies (Ossuary)
  3 bullfrogs
  A water moccasin zombie (D:5)
  2 water moccasin skeletons
  5 killer bees
  2 howler monkeys (D:8)
  3 wights (D:8)
  A centaur zombie (Ossuary)
  2 bullfrog zombies
  3 orc priests
  6 hounds
  A gnoll shaman (D:5)
  2 human zombies (Ossuary)
  2 jellies (D:6)
  A bullfrog skeleton (D:4)
  An iguana (D:7)
  3 orc wizards
  3 killer bee zombies
  3 hound zombies (Ossuary)
  3 mummies (Ossuary)
  6 gnolls
  5 adders
  5 adder zombies (Ossuary)
  A worm (D:4)
  A dart slug (D:1)
  17 orcs
  7 ball pythons
  6 endoplasms
  4 giant cockroaches
  10 goblins
  6 hobgoblins
  7 jackals
  A quokka (D:2)
  3 training dummies (D:8)
  2 bats
  4 frilled lizards (D:1)
  A gnoll zombie (Ossuary)
  3 goblin zombies (Ossuary)
  2 hobgoblin zombies (Ossuary)
  A jackal skeleton (D:4)
  3 jackal zombies (Ossuary)
  13 kobolds
  3 kobold zombies (Ossuary)
  2 orc zombies (Ossuary)
  3 quokka zombies (Ossuary)
  4 rats
  5 rat zombies (Ossuary)
198 creatures vanquished.

Vanquished Creatures (others)
  40 plants
40 creatures vanquished.

Grand Total: 238 creatures vanquished

Notes
Turn   | Place    | Note
-------+----------+-------------------------------------------
     0 | D:1      | AmazingTV the Spriggan Brigand began the quest for the Orb.
     0 | D:1      | Reached XP level 1. HP: 10/10 MP: 2/2
   465 | D:1      | Reached skill level 6 in Stealth
   465 | D:1      | Reached XP level 2. HP: 15/15 MP: 3/3
   668 | D:1      | Reached skill level 1 in Slings
   962 | D:2      | Reached XP level 3. HP: 18/18 MP: 4/4
  1176 | D:2      | Found a faded altar of an unknown god.
  1393 | D:2      | Reached XP level 4. HP: 23/23 MP: 5/5
  1527 | D:3      | Found Mesaunorch's Antique Weapon Boutique.
  2286 | D:4      | Reached XP level 5. HP: 26/26 MP: 6/6
  2805 | D:4      | Noticed Grinder
  3221 | D:4      | Noticed an ogre
  3327 | D:4      | Killed an ogre
  3328 | D:4      | Reached skill level 7 in Stealth
  3328 | D:4      | Reached XP level 6. HP: 32/32 MP: 7/7
  3547 | D:4      | Paralysed by Grinder for 2 turns
  3552 | D:4      | Paralysed by Grinder for 4 turns
  3570 | D:4      | Paralysed by Grinder for 6 turns
  3587 | D:4      | Killed Grinder
  3990 | D:4      | Reached XP level 7. HP: 35/35 MP: 8/8
  4153 | D:5      | Entered Level 5 of the Dungeon
  4467 | D:5      | Reached skill level 8 in Stealth
  4814 | D:5      | Found a bloodstained altar of Trog.
  4862 | D:5      | Became a worshipper of Trog the Wrathful
  5237 | D:5      | Found Zogueny's Assorted Antiques.
  5249 | D:5      | Bought a scroll labelled PEDDENTIDI for 33 gold pieces
  5249 | D:5      | Bought a fizzy silvery potion for 29 gold pieces
  5249 | D:5      | Bought a scroll labelled NANAIDWIHU for 33 gold pieces
  5249 | D:5      | Bought a scroll labelled JEIZYL FEWIXICRY for 33 gold
                  | pieces
  5515 | D:5      | Reached skill level 5 in Dodging
  5540 | D:5      | Reached XP level 8. HP: 32/40 MP: 9/9
  6917 | D:6      | Reached skill level 5 in Short Blades
  7638 | D:7      | Found a staircase to the Ecumenical Temple.
  7673 | D:7      | Found a sand-covered staircase.
  7679 | Ossuary  | Entered an ossuary
  7890 | Ossuary  | Reached * piety under Trog
  8257 | Ossuary  | Reached skill level 5 in Slings
  8257 | Ossuary  | Reached skill level 9 in Stealth
  8798 | Ossuary  | Reached ** piety under Trog
  9052 | D:7      | Reached skill level 5 in Throwing
  9231 | D:7      | Reached XP level 9. HP: 17/46 MP: 10/10
 10924 | D:7      | Reached skill level 10 in Stealth
 11565 | D:7      | Noticed Pikel
 12031 | D:7      | Killed Pikel
 12255 | D:8      | Noticed a two-headed ogre
 12258 | D:8      | Noticed a cyclops
 12259 | D:8      | Killed a two-headed ogre
 12260 | D:8      | Reached skill level 5 in Fighting
 12371 | D:8      | Noticed a tengu conjurer
 12372 | D:8      | Noticed a tengu conjurer
 12521 | D:8      | Identified the +1 falchion "Ogreslayer" {venom, rElec rF-
                  | Will+++ Str+3}
 12647 | D:8      | Found Moeso's Firing Range.
 12664 | D:8      | Reached XP level 10. HP: 51/51 MP: 11/11
 13451 | D:8      | Reached skill level 11 in Stealth
 14046 | D:8      | Noticed a boulder beetle
 14058 | D:8      | Killed a boulder beetle
 14059 | D:8      | Reached skill level 1 in Long Blades
 15047 | D:8      | Reached XP level 11. HP: 5/56 MP: 12/12
 15047 | D:8      | HP: 1/56 [poisoned by a meliai]
 15048 | D:8      | Succumbed to a meliai's poison

Illustrated notes

Levels and vault maps discovered:
D:1:      saegor_arrival_miasma, layout_rooms, serial_forest,
          infiniplex_forest_fountain, infiniplex_forest_corner_1,
          infiniplex_forest_clump_double, infiniplex_forest_fountain,
          infiniplex_forest_clump_medium, infiniplex_forest_join,
          minmay_hedge_maze
D:2:      layout_rooms, hellmonk_ecumenical_altar_lost_god,
          minmay_misc_feat_tiny
D:3:      layout_loops_ring, serial_shops, nicolae_shop_overgrown_old_shop
D:4:      layout_cave_pods, nrook_mini_backslash, minmay_box_of_dots,
          uniq_grinder
D:5:      layout_loops_cross, trog_hazing_becter, serial_shops, shop_fountains,
          grunt_decor_arrowhead, roderic_lattice_a
D:6:      layout_basic
D:7:      layout_rooms, minmay_temple_entry_glass, enter_ossuary_2,
          serial_bayou_lagoon_a, uniq_pikel
D:8:      minmay_chambers_of_sixes, layout_basic, nicolae_shop_firing_range

Skill      XL: |  1  2  3  4  5  6  7  8  9 10 |
---------------+-------------------------------+-----
Stealth        | 6 7 8 9 10 11 | 11.6
Dodging        | 2 3 4 5 6 7 8 |  8.7
Slings         | 1 2 3 4 5 6 7 |  7.2
Fighting       | 2 3 4 5 |  5.7
Short Blades   | 3 4 5 6 7 |  7.5
Throwing       | 3 4 5 |  5.9
Long Blades    | 8 |  8.0

Action                   |  1- 3 |  4- 6 |  7- 9 | 10-12 || total
-------------------------+-------+-------+-------+-------++-------
Melee: Dagger            |   102 |   135 |   483 |    72 ||   792
       Punch             |     1 |     3 |    10 |     1 ||    15
       Falchion          |       |       |       |    44 ||    44
 Fire: Hunting sling     |       |       |   197 |    67 ||   264
Throw: Dart              |     7 |    33 |    37 |     9 ||    86
       Stone             |       |       |     1 |       ||     1
Invok: Berserk           |       |       |     7 |     3 ||    10
  Use: Scroll            |       |     2 |       |       ||     2
       Potion            |       |       |     1 |     2 ||     3
 Stab: Sleeping          |     8 |    10 |    24 |     2 ||    44
       Distracted        |     1 |       |     3 |     2 ||     6
Armor: Robe              |    16 |    12 |    20 |     5 ||    53
       Skin              |       |     7 |     6 |       ||    13
Dodge: Dodged            |    75 |    68 |   281 |   106 ||   530
Block: Other             |     7 |    18 |    89 |    30 ||   144
       Reflection        |       |     1 |     5 |     4 ||    10
